 Dungeon Crawl Stone Soup version 0.20-a0-795-ga03948b (webtiles) character file.

639 4thArraOfDagon the Slasher (level 7, 0/53 HPs)
             Began as a Vampire Gladiator on Mar 1, 2017.
             Was an Initiate of Okawaru.
             Slain by an orc warrior
             ... wielding a +2 broad axe of venom
              (9 damage)
             ... on level 6 of the Dungeon.
             The game lasted 00:10:39 (1592 turns).

4thArraOfDagon the Slasher (Vampire Gladiator)      Turns: 1592, Time: 00:10:40

Health: 0/53       AC:  7    Str: 20    XL:     7   Next: 25%
Magic:  7/7        EV: 13    Int: 12    God:    Okawaru [......]
Gold:   116        SH:  0    Dex: 16    Spells: 6/6 levels left

rFire    . . .     SeeInvis +   h - +3 short sword "Ciwnef" {drain, Str+7}
rCold    . . .     Gourm    .   m - +0 scale mail
rNeg     . . .     Faith    .   (no shield)
rPois    .         Spirit   .   c - +0 helmet
rElec    .         Reflect  .   (no cloak)
rCorr    +         Harm     .   (no gloves)
MR       .....     Rnd*Tele +   (no boots)
Stlth    ..........             (no amulet)
Regen    0.4/turn               d - ring of resist corrosion
MPRegen  0.1/turn               j - ring of teleportation (curse)

@: lethally poisoned (0 -> 0), regenerating quickly
A: fangs 3, see invisible, unbreathing
a: Renounce Religion


You were on level 6 of the Dungeon.
You worshipped Okawaru.
Okawaru was noncommittal.
You were very full.

You visited 2 branches of the dungeon, and saw 8 of its levels.

You collected 116 gold pieces.

Inventory:

Hand Weapons
 a - a +0 long sword of freezing
 h - the +3 short sword "Ciwnef" (weapon) {drain, Str+7}
   (You found it on level 6 of the Dungeon)

   A truly terrible weapon, it drains the life of those it strikes.
   It affects your strength (+7).
Armour
 b - a +0 leather armour
 c - a +0 helmet (worn)
 m - a +0 scale mail (worn)
 n - a +0 pair of boots
Jewellery
 d - a ring of resist corrosion (right hand)
 j - a cursed ring of teleportation (left hand)
Scrolls
 f - a scroll of magic mapping
 g - 3 scrolls of identify
 l - a scroll of recharging
Potions
 e - a potion of flight
 i - 7 potions of blood
 k - 2 potions of curing
 o - a potion of heal wounds


   Skills:
 + Level 3.9 Fighting
 * Level 5.5 Long Blades
 - Level 1.5 Throwing
 + Level 2.2 Armour
 + Level 5.5 Dodging
 + Level 0.0 Invocations


You had 6 spell levels left.
You didn't know any spells.

Dungeon Overview and Level Annotations

Branches:
Dungeon (7/15)             Temple (1/1) D:6

Altars:
Dithmenos
Fedhas
Kikubaaqudgha
Nemelex Xobeh
Okawaru
Qazlal
Ru
Sif Muna
Uskayaw
Zin
Lugonu

Annotations:
D:4 Edmund
D:5 Pikel
D:6 Menkaure
D:7 Prince Ribbit


Innate Abilities, Weirdness & Mutations

Your natural rate of healing is unusually fast.
You have razor-sharp teeth.
You have supernaturally acute eyesight. (SInv)
You can survive without breathing.


Message History

Unknown command.
There is a shaft here.
Unknown command.
You feel sick.
Unknown command.
Unknown command.
Unknown command.
Unknown command.
You feel sick.
Unknown command.
Unknown command.
Unknown command.
You feel sick.
Unknown command.
Okay, then.
Okay, then.
As you read the scroll labeled YJONUPS ZIEL, it crumbles to dust.
The dust glows shining gold!
It was a scroll of random uselessness.
The orc warrior hits you with a broad axe of venom!
You die...

.,**,,#P...P#***####*,.,### *##
..**,,##P.P## ##...,,,#...###*#..
#.#######'### #..#****#.#...##...
#.....###...###.#* *...#.#..#*
###.............##### **#.#....##
#...#...##....o....# #.......#
#...#.......o#####^## ##.....#..
#...###...##..####.M###..##....#
#...###.....#.o@.##.#...#.......
#...#........###M##.#.##........
##(......####.# #..#.............
#.....###.....# ##...............
.....## #.....######..........##.
.....# #..............#..$...##.
....##**#....##...............##.
#.#........................##.###
..####............####..#.....M..


You could see an orc warrior, Menkaure and an orc.

Vanquished Creatures
  An ogre (D:7)
  A bullfrog (D:7)
  3 scorpions
  A howler monkey (D:4)
  A bullfrog zombie (D:3)
  A centaur skeleton (D:6)
  A hound (D:7)
  2 iguanas
  2 worker ants
  3 gnolls (D:3)
  3 adders (D:3)
  An ooze (D:4)
  2 worms
  A dart slug (D:4)
  2 leopard geckos
  4 orcs
  2 bats (D:1)
  A giant cockroach (D:5)
  6 goblins
  2 hobgoblins (D:3)
  12 jackals
  A frilled lizard (D:3)
  A kobold (D:1)
  A leopard gecko zombie (D:6)
  2 rats (D:2)
57 creatures vanquished.

Notes
Turn   | Place    | Note
-------+----------+-------------------------------------------
     0 | D:1      | 4thArraOfDagon the Vampire Gladiator began the quest for the Orb.
     0 | D:1      | Reached XP level 1. HP: 16/16 MP: 1/1
   164 | D:3      | Found a blossoming altar of Fedhas.
   203 | D:3      | Reached XP level 2. HP: 9/22 MP: 2/2
   203 | D:3      | Reached XP level 3. HP: 12/27 MP: 3/3
   298 | D:3      | Reached XP level 4. HP: 20/34 MP: 4/4
   592 | D:4      | Noticed a phantom
   658 | D:4      | Noticed Edmund
   769 | D:4      | Reached XP level 5. HP: 26/39 MP: 5/5
   787 | D:5      | Entered Level 5 of the Dungeon
   876 | D:6      | You fall through a shaft!
   876 | D:7      | Found a sand-covered staircase.
   880 | D:7      | Noticed Prince Ribbit
   888 | D:7      | Found a shadowy altar of Dithmenos.
   905 | D:7      | Reached skill level 1 in Armour
   925 | D:6      | Noticed an ogre
   944 | D:7      | Found a glowing silver altar of Zin.
   945 | D:7      | Found a deep blue altar of Sif Muna.
   945 | D:7      | Found a sparkling altar of Nemelex Xobeh.
   946 | D:7      | Noticed an ogre
   958 | D:7      | Reached skill level 5 in Long Blades
   958 | D:7      | Reached XP level 6. HP: 12/47 MP: 6/6
   975 | D:7      | Noticed an orc warrior
  1023 | D:7      | Found a hide-covered altar of Uskayaw.
  1042 | D:6      | Reached skill level 5 in Dodging
  1103 | D:6      | Noticed Menkaure
  1113 | D:5      | Noticed a slave
  1114 | D:5      | Noticed a slave
  1114 | D:5      | Noticed Pikel
  1115 | D:5      | Noticed a slave
  1191 | D:4      | Reached XP level 7. HP: 17/53 MP: 7/7
  1428 | D:6      | Got a polished short sword
  1430 | D:6      | Identified the +3 short sword "Ciwnef" {drain, Str+7} (You found it on level 6 of the Dungeon)
  1436 | D:6      | Found a staircase to the Ecumenical Temple.
  1442 | Temple   | Entered the Ecumenical Temple
  1454 | Temple   | Became a worshipper of Warmaster Okawaru
  1592 | D:6      | Slain by an orc warrior

Vault maps used:
D:1:      elethiomel_arrival_maze
D:2:      st_stairs_9, kennysheep_jessica_study, uniq_crazy_yiuf_cottage,
          uniq_jessica
D:3:      nicolae_overflow_hidden_temple, lemuel_doored_altar, serial_curves,
          eino_curves_02, eino_curves_03, eino_curves_03, eino_curves_03,
          hangedman_abyss_or_decor_lesser_grid, chequers_big_river
D:4:      kennysheep_little_box, kennysheep_generic_room_7, uniq_edmund
D:5:      kennysheep_mini, lemuel_round_altar, first_bread,
          makhleb_blood_cavern_becter, uniq_pikel
D:6:      minmay_temple_entry_enclosed_plants, uniq_menkaure
D:7:      grunt_dithmenos_smoke_and_mirrors, overflow_temple_1_default,
          grunt_temple_overflow_open, nicolae_ossuary_entry_plus,
          grunt_ogre_cave, uniq_prince_ribbit1
Temple:   corrupted_temple

Skill      XL: |  1  2  3  4  5  6 |
---------------+-------------------+-----
Fighting       | 2 3 |  3.9
Long Blades    | 4 5 |  5.5
Dodging        | 4 5 |  5.5
Armour         | 1 2 |  2.2
Throwing       | |  1.5

Action                   |  1- 3 |  4- 6 |  7- 9 || total
-------------------------+-------+-------+-------++-------
Melee: Long sword        |    29 |   157 |    27 ||   213
       Bite              |     5 |    19 |     2 ||    26
       Short sword       |       |       |     2 ||     2
Throw: Throwing net      |     1 |     3 |       ||     4
  Use: Potion            |     1 |     2 |     3 ||     6
       Scroll            |       |     6 |     2 ||     8
 Stab: Held in net/web   |     1 |     1 |       ||     2
  Eat: Corpse            |     4 |     6 |     1 ||    11
Armor: Leather armour    |     7 |    15 |       ||    22
       Scale mail        |       |    37 |    18 ||    55
Dodge: Dodged            |    15 |   106 |    38 ||   159
       Rpst.: Long sword |     4 |    39 |     7 ||    50
